 Dungeon Crawl Stone Soup version 0.30.1-11-g7821555f0a (webtiles) character file.

Game seed: 12825808354498408415

185 Ekaitz the Gusty (level 5, -1/30 HPs)
             Began as a Tengu Air Elementalist on Dec 20, 2023.
             Slain by an orc wizard
             ... wielding a +0 dagger
              (2 damage)
             ... on level 3 of the Dungeon.
             The game lasted 00:05:09 (3025 turns).

Ekaitz the Gusty (Tengu Air Elementalist)           Turns: 3025, Time: 00:05:10

Health: -1/30      AC:  2    Str:  9    XL:     5   Next: 64%
Magic:  0/9        EV: 15    Int: 17    God:
Gold:   109        SH:  0    Dex: 14    Spells: 3/9 levels left

rFire   . . .        d - +0 flail
rCold   . . .        (no shield)
rNeg    . . .        a - +0 robe
rPois   .            (helmet restricted)
rElec   .            (no cloak)
rCorr   .            (no gloves)
SInv    .            (boots unavailable)
Will    .....        (no amulet)
Stlth   ++           (no ring)
HPRegen 0.25/turn    (no ring)
MPRegen 0.11/turn

%: no passive effects
@: flying quickly and evasively, very slightly contaminated, quick
A: beak, talons 3, nimble flight
a: no special abilities


You were on level 3 of the Dungeon.
You visited 1 branch of the dungeon, and saw 3 of its levels.

You collected 109 gold pieces.

Inventory:

Hand Weapons
 d - a +0 flail (weapon)
Missiles
 h - 13 poisoned darts
Armour
 a - a +0 robe (worn)
Scrolls
 c - 5 scrolls of identify {unknown}
 e - 2 scrolls of enchant weapon {unknown}
 k - a scroll of vulnerability {unknown}
 m - a scroll of poison {unknown}
 n - a scroll of torment {unknown}
Potions
 b - a potion of magic
 f - a potion of degeneration {unknown}
 g - 2 potions of brilliance {unknown}
 i - a potion of invisibility {unknown}
 j - a potion of haste {unknown}
 l - a potion of lignification {unknown}


   Skills:
 * Level 2.0 Fighting
 + Level 0.1 Maces & Flails
 * Level 2.6 Dodging
 + Level 2.3 Stealth
 + Level 2.6 Spellcasting
 * Level 3.4 Conjurations
 * Level 5.5 Air Magic


You had 3 spell levels left.
You knew the following spells:

 Your Spells              Type           Power      Damage    Failure   Level
a - Shock                 Conj/Air       68%        1d7       2%          1
b - Static Discharge      Conj/Air       34%        2-4/arc   4%          2
c - Swiftness             Air            21%        N/A       5%          3

Your spell library contained the following spells:

 Spells                   Type           Power      Damage    Failure   Level
 Airstrike                Air            10%        2d(2-18)  19%         4


Dungeon Overview and Level Annotations

Branches:
Dungeon (3/15)

Altars:


Innate Abilities, Weirdness & Mutations

You have a beak for a mouth.
You have claws for feet.
Your magical nature lets you fly swiftly and evasively.


Message History

You closely miss something. You claw something. Something hits you.
Something barely misses you.
Casting: Static Discharge (safe; 4% risk of failure)
Confirm with . or Enter, or press ? or * to list all spells.
You miscast Static Discharge.
You are very lightly contaminated with residual magic.
Nothing appears to happen.
You hear some strange, mumbled words.
You are confused.
You closely miss something. Your peck misses something. Something hits you.
You bump into the rock wall.
You hear some strange, mumbled words.
A magic dart appears from out of thin air!
The magic dart hits you!
* * * LOW HITPOINT WARNING * * *
Something hits you but does no damage. Something hits you but does no damage.
You feel less confused. Something hits you but does no damage.
Casting: Static Discharge (safe; 4% risk of failure)
Confirm with . or Enter, or press ? or * to list all spells.
Aiming: Shock (safe; 2% risk of failure)
Press: ? - help, Shift-Dir - straight line You miscast Shock.
Nothing appears to happen.
Something hits you.
* * * LOW HITPOINT WARNING * * *
Unknown command.
You closely miss something. You claw something. Something hits you.
* * * LOW HITPOINT WARNING * * *
You hit something but do no damage. Your kick misses something.
Something completely misses you.
You closely miss something. Your kick misses something.
Your peck misses something. Something hits you.
* * * LOW HITPOINT WARNING * * *
Something hits you but does no damage.
You barely miss something. Your kick misses something. You peck something.
Something barely misses you.
You miss something. Your kick misses something. Something hits you.
* * * LOW HITPOINT WARNING * * *
Something hits you.
You die...

# #<#......##......
####...###. #
##.#..............###....#.#
#.
###..#......<.).....#...####.#
.. ..#.##..............#.###
#.##.# #<#.##.....g##......#.#
#..#. #.#.##..w...# ######..#
##.#. ..#)##.[g...# ##...## ).
#.#.##......# ###..### ..
#.#.####..### #.@.##
#.#....g...####{###
#......###.#†)..#
#............#### ###
..#....###.### #.. ..#....#
#.# #.. ..#....# #.. # #....#
#.. ..#### #..


There were no monsters in sight!

Vanquished Creatures
  An orc priest (D:2)
  7 gnolls
  An adder (D:3)
  3 worms
  2 dart slugs (D:1)
  4 orcs
  5 endoplasms
  3 giant cockroaches
  5 hobgoblins
  6 jackals
  A quokka (D:1)
  9 ball pythons
  5 bats
  3 frilled lizards
  9 kobolds
  6 rats
70 creatures vanquished.

Notes
Turn   | Place    | Note
-------+----------+-------------------------------------------
     0 | D:1      | Ekaitz the Tengu Air Elementalist began the quest for the
                  | Orb.
     0 | D:1      | Reached XP level 1. HP: 10/10 MP: 4/4
   133 | D:1      | Reached XP level 2. HP: 16/16 MP: 3/6
   138 | D:1      | Learned a level 2 spell: Static Discharge
   576 | D:1      | Reached XP level 3. HP: 20/20 MP: 4/7
   580 | D:1      | Learned a level 3 spell: Swiftness
   709 | D:1      | Reached skill level 1 in Fighting
  1149 | D:2      | Reached skill level 5 in Air Magic
  1251 | D:2      | Reached XP level 4. HP: 25/25 MP: 2/8
  1297 | D:2      | HP: 1/25 [gnoll/+0 spear (6)]
  2525 | D:2      | Gained mutation: Your magical nature lets you fly swiftly
                  | and evasively. [Tengu growth]
  2525 | D:2      | Reached XP level 5. HP: 5/29 MP: 1/9
  3025 | D:3      | HP: 1/30 [something (2)]
  3025 | D:3      | Slain by an orc wizard

Illustrated notes

Levels and vault maps discovered:
D:1:      lightli_arrival_boilingwater, layout_basic, amcnicky_mini_pool_small,
          minmay_tetromino_s4
D:2:      cheibrodos_helix_gallery, layout_basic, nicolae_grassy_gnolls
D:3:      layout_rooms, grunt_temple_overflow_cloverleaf

Skill      XL: |  1  2  3  4  5 |
---------------+----------------+-----
Fighting       | 1 2 |  2.0
Conjurations   | 2 3 |  3.4
Air Magic      | 5 |  5.5
Maces & Flails | |  0.1
Dodging        | |  2.6
Stealth        | |  2.3
Spellcasting   | |  2.6

Action                     |  1- 3 |  4- 6 || total
---------------------------+-------+-------++-------
  Melee: Flail             |    14 |    23 ||    37
         Peck              |     3 |     2 ||     5
         Kick              |     1 |     3 ||     4
   Cast: Shock             |    59 |    76 ||   135
         Static Discharge  |       |     3 ||     3
   Stab: Sleeping          |     1 |       ||     1
 Armour: Robe              |     5 |     8 ||    13
  Dodge: Dodged            |     8 |    33 ||    41
